 Dungeon Crawl Stone Soup version 0.31-a0-1626-g5cb510d322 (webtiles) character file.

Game seed: 11664327322369463033

2106 Malachi the Fighter (level 9, -5/97 HPs)
             Began as an Oni Cinder Acolyte on Jan 12, 2024.
             Was an Initiate of Okawaru.
             Slain by a two-headed ogre
             ... wielding a +0 giant club
              (9 damage)
             ... on level 8 of the Dungeon.
             The game lasted 00:11:11 (6706 turns).

Malachi the Fighter (Oni Cinder Acolyte)            Turns: 6706, Time: 00:11:11

Health: -5/97      AC:  4    Str: 24    XL:     9   Next: 28%
Magic:  15/15      EV:  9    Int: 15    God:    Okawaru [......]
Gold:   263        SH:  0    Dex:  4    Spells: 14/16 levels left

rFire   . . .        n - +5 Force Lance {heavy, knockback}
rCold   + . .        (no shield)
rNeg    . . .        b - +0 robe
rPois   +            (helmet restricted)
rElec   .            w - +0 cloak {Will+}
rCorr   +            (gloves unavailable)
SInv    .            (boots unavailable)
Will    ++...        (no amulet)
Stlth   ++           e - ring of willpower
HPRegen 0.36/turn    i - ring of resist corrosion
MPRegen 0.14/turn

%: no passive effects
@: fire susceptible
A: large, unfitting armour, horns 1, tough skin 1, double potion healing,
drunken brawling, claws 1, camouflage 1, cold resistance 1, poison resistance
a: Renounce Religion


You were on level 8 of the Dungeon.
You worshipped Okawaru.
Okawaru was noncommittal.
You visited 1 branch of the dungeon, and saw 8 of its levels.

You collected 393 gold pieces.
You spent 130 gold pieces at shops.

Inventory:

Hand Weapons
 a - a -1 hand axe of flaming
 n - the +5 Force Lance (weapon) {heavy, knockback}
   (You found it on level 4 of the Dungeon)
 y - the +8 whip "Kanwuod" {heavy, Str+7 Int+3 Dex-3 SInv}
   (You found it on level 6 of the Dungeon)

   Str+7:     It affects your strength (+7).
   Int+3:     It affects your intelligence (+3).
   Dex-3:     It affects your dexterity (-3).
   SInv:      It lets you see invisible.
Missiles
 g - 18 boomerangs (quivered)
Armour
 b - a +0 robe (worn)
 w - a +0 cloak of willpower (worn)
Jewellery
 e - a ring of willpower (left claw)
 f - a ring of protection from cold
 i - a ring of resist corrosion (right claw)
Wands
 c - a wand of flame (48)
 l - a wand of paralysis (8)
 r - a wand of mindburst (10)
Scrolls
 h - a scroll of teleportation
 j - a scroll of vulnerability
 m - a scroll of fear
 o - a scroll of fog
 p - a scroll of poison
 t - 2 scrolls of enchant weapon
 u - a scroll of revelation
 x - a scroll of enchant armour
 A - a scroll of immolation
 B - a scroll of identify
 C - a scroll of torment
Potions
 d - a potion of mutation
 k - a potion of might
 q - 2 potions of haste


   Skills:
 + Level 8.7 Fighting
 - Level 4.2(6.2) Axes
 * Level 7.0(7.6) Polearms
 - Level 4.0 Spellcasting
 - Level 6.0 Fire Magic


You had 14 spell levels left.
You knew the following spells:

 Your Spells              Type           Power      Damage    Failure   Level
a - Scorch                Fire           42%        2d6       2%          2

Your spell library contained the following spells:

 Spells                   Type           Power      Damage    Failure   Level
 Sticky Flame             Fire/Alch      12%        2d5       45%         4
 Gell's Gravitas          Tloc           3%         N/A       47%         3
 Teleport Other           Tloc           3%         N/A       47%         3
 Fulminant Prism          Conj/Alch      1%         3d5       87%         4
 Dispersal                Tloc           1%         N/A       100%        6
 Ignition                 Fire           10%        3d5       100%        8


Dungeon Overview and Level Annotations

Branches:
Dungeon (8/15)             Temple (0/1) D:6
   Lair: D:8-11

Altars:
Ashenzari
Okawaru
Qazlal
Ru
Vehumet

Shops:
D:2 ?   D:6 *


Innate Abilities, Weirdness & Mutations

You are too large for most types of armour.
You have a pair of small horns on your head.
You have tough skin. (AC +1)
You gain doubled healing and magic from potions.
Whenever you drink a healing potion, you attack all around you.
You have sharp fingernails.
Your skin changes colour to match your surroundings (Stealth+).
Your flesh is cold resistant. (rC+)
Your system is resistant to poisons. (rPois)


Message History

The orc priest hits you with a +0 whip. The howler monkey hits you.
Unknown command.
The orc priest hits you with a +0 whip.
The howler monkey completely misses you.
Unknown command.
You puncture the orc priest!
You kill the orc priest!
Okawaru accepts your kill.
Your surroundings suddenly seem different.
Found 5 stones.
Unknown command.
Unknown command.
The sentinel's mark upon you fades away.
You start resting.
You flicker for a moment.
You start resting.
You flicker back into view.
You start resting.
A two-headed ogre comes into view. It is wielding two +0 giant clubs.
The two-headed ogre shouts in stereo!
Reach: n) +5 Force Lance {heavy, knockback}
Press: ? - help, Dir - move target, f - two-headed ogre
Aim: a two-headed ogre, wielding two +0 giant clubs (about 20% to evade the +5 Force Lance)
You reach to attack!
You puncture the two-headed ogre!
The two-headed ogre is moderately wounded.
Unknown command.
Reach: n) +5 Force Lance {heavy, knockback}
Press: ? - help, Dir - move target, f/p - two-headed ogre
Aim: a two-headed ogre, wielding two +0 giant clubs (moderately wounded, about 20% to evade the +5 Force Lance)
You closely miss the two-headed ogre. You headbutt the two-headed ogre!
The two-headed ogre is moderately wounded.
The two-headed ogre hits you with a +0 giant club!!
* * * LOW HITPOINT WARNING * * *
The two-headed ogre hits you with a +0 giant club!
* * * LOW HITPOINT WARNING * * *
You puncture the two-headed ogre!
The two-headed ogre is heavily wounded.
The two-headed ogre closely misses you.
The two-headed ogre hits you with a +0 giant club!
You die...

###################
.................(.
#####..######....#
#..######. ###
#.........
##.######.
#.######T#
#.....O@.#
##########


You could see a two-headed ogre and a troll.

Vanquished Creatures
  An acid dragon (D:8)
  A water moccasin (D:6)
  An ice beast (D:4)
  A black bear (D:6)
  4 ogres
  3 phantoms
  3 bullfrogs
  A scorpion (D:4)
  2 bombardier beetles
  A howler monkey (D:8)
  2 jellies (D:5)
  7 hounds
  5 orc priests
  Crazy Yiuf (D:5)
  Jessica (D:2)
  An iguana (D:5)
  Natasha (thrice) (D:2)
  An orc wizard (D:5)
  Ijyb (D:4)
  Robin (D:3)
  4 adders
  A white imp (D:6)
  3 dart slugs
  10 orcs
  10 ball pythons
  6 bats
  4 endoplasms
  2 giant cockroaches
  14 goblins
  13 hobgoblins
  5 jackals
  5 quokkas
  A frilled lizard (D:2)
  4 kobolds
  11 rats
134 creatures vanquished.

Vanquished Creatures (others)
  An orc wizard (D:3)
  A goblin (D:3)
  18 foxfires (D:2)
20 creatures vanquished.

Grand Total: 154 creatures vanquished

Notes
Turn   | Place    | Note
-------+----------+-------------------------------------------
     0 | D:1      | Malachi the Oni Cinder Acolyte began the quest for the Orb.
     0 | D:1      | Reached XP level 1. HP: 24/24 MP: 2/2
    54 | D:1      | Reached XP level 2. HP: 31/32 MP: 2/4
   288 | D:1      | Reached XP level 3. HP: 40/40 MP: 5/5
   890 | D:2      | You fall into a shaft and drop 1 floor!
   890 | D:3      | Found an iron altar of Okawaru.
   910 | D:3      | Found a faded altar of an unknown god.
  1008 | D:3      | Reached XP level 4. HP: 24/49 MP: 7/7
  1300 | D:2      | Noticed Robin
  1306 | D:2      | Gained mutation: Your skin changes colour to match your
                  | surroundings (Stealth+). [potion of mutation]
  1306 | D:2      | Gained mutation: You have sharp fingernails. [potion of
                  | mutation]
  1306 | D:2      | Gained mutation: Your flesh is cold resistant. (rC+)
                  | [potion of mutation]
  1306 | D:2      | Gained mutation: Your system is resistant to poisons.
                  | (rPois) [potion of mutation]
  1322 | D:3      | Killed Robin
  1472 | D:2      | Noticed Natasha
  1481 | D:2      | Killed Natasha
  1482 | D:2      | Reached skill level 5 in Fighting
  1482 | D:2      | Reached XP level 5. HP: 17/57 MP: 7/9
  1492 | D:2      | Noticed Natasha
  1520 | D:2      | HP: 1/57 [Natasha (7)]
  1521 | D:2      | Killed Natasha
  1677 | D:2      | Noticed Natasha
  1702 | D:2      | Killed Natasha
  1836 | D:2      | Noticed Jessica
  1845 | D:2      | Killed Jessica
  2074 | D:2      | Found Ykhlubog's Magic Scroll Boutique.
  2077 | D:2      | Bought a scroll of identify for 28 gold pieces
  2077 | D:2      | Bought a scroll of teleportation for 42 gold pieces
  2549 | D:3      | Found a transporter.
  2563 | D:3      | Reached XP level 6. HP: 60/66 MP: 9/11
  2585 | D:3      | Found a transporter.
  2695 | D:3      | Found a radiant altar of Vehumet.
  3130 | D:4      | Found the +5 Force Lance {heavy, knockback}
  3165 | D:3      | Learned a level 2 spell: Scorch
  3211 | D:4      | Found a sacrificial altar of Ru.
  3273 | D:4      | Reached skill level 1 in Polearms
  3364 | D:4      | Identified the +2 ring mail "Kicyd" {rPois rF+ rC+ Str-2}
  3598 | D:4      | Reached skill level 6 in Fighting
  3625 | D:4      | Reached XP level 7. HP: 67/75 MP: 12/12
  3962 | D:4      | Noticed Ijyb
  3969 | D:4      | Killed Ijyb
  4349 | D:5      | Entered Level 5 of the Dungeon
  4452 | D:5      | Reached XP level 8. HP: 76/84 MP: 14/14
  4454 | D:5      | Reached skill level 7 in Fighting
  4960 | D:5      | Found a broken altar of Ashenzari.
  5048 | D:5      | Reached skill level 5 in Fire Magic
  5119 | D:5      | Found a runed translucent door.
  5120 | D:5      | Noticed Crazy Yiuf
  5205 | D:5      | Killed Crazy Yiuf
  5321 | D:6      | Reached skill level 5 in Polearms
  5367 | D:6      | Identified the +8 whip "Kanwuod" {heavy, Str+7 Int+3 Dex-3
                  | SInv}
  5640 | D:6      | Found Cauppykuh's Assorted Antiques.
  5646 | D:6      | Bought a scroll labelled PUIFFI GEPED for 20 gold pieces
  5646 | D:6      | Bought a scroll of identify for 40 gold pieces
  5702 | D:6      | Reached skill level 8 in Fighting
  5872 | D:6      | Found a stormy altar of Qazlal.
  6007 | D:3      | Fell from the grace of Ignis
  6007 | D:3      | Became a worshipper of Warmaster Okawaru
  6201 | D:6      | Found a staircase to the Ecumenical Temple.
  6213 | D:6      | Reached XP level 9. HP: 44/97 MP: 15/15
  6228 | D:6      | Got the Parchment of Polytheism
  6377 | D:6      | You fall into a shaft and drop 1 floor!
  6436 | D:7      | HP: 2/97 [something/magic dart (11)]
  6633 | D:8      | Noticed a meliai
  6633 | D:8      | Noticed a troll
  6699 | D:8      | Noticed a two-headed ogre
  6705 | D:8      | HP: 4/97 [two-headed ogre/+0 giant club (17)]
  6706 | D:8      | Slain by a two-headed ogre

Illustrated notes

Levels and vault maps discovered:
D:1:      onia_arrival_handbag, layout_basic, minivault_5,
          minmay_stone_trees_medium, minmay_crystal_room,
          corexii_leaking_fountain
D:2:      layout_basic, serial_shops, nicolae_shop_rolled_up, uniq_jessica,
          uniq_robin, uniq_natasha
D:3:      gammafunk_wand_slinger, layout_basic,
          mainiacjoe_overflow_concentric_impassable,
          nicolae_vehumet_altar_sigil, ebering_ecumenical_altar_abandoned
D:4:      minmay_door_path, layout_basic, lemuel_round_altar, uniq_ijyb
D:5:      layout_loops_ring, nicolae_ashenzari_panopticon,
          uniq_crazy_yiuf_cottage
D:6:      layout_basic, mainiacjoe_overflow_brackets,
          minmay_temple_entry_offerings, serial_shops, shop
D:7:      layout_rooms, nicolae_yredelemnul_corpse_copse
D:8:      minmay_the_grid_triangle_9x9_rhombus_full
          [minmay_the_grid_triangle_9x9_descending_squares,
          minmay_the_grid_triangle_9x9_subtriangle,
          minmay_the_grid_triangle_9x9_checkered,
          minmay_the_grid_triangle_9x9_flanged_cone,
          minmay_the_grid_triangle_9x9_semitri,
          minmay_the_grid_triangle_9x9_minimal,
          minmay_the_grid_triangle_9x9_windchime,
          minmay_the_grid_triangle_9x9_prize_special], layout_loops_ring,
          erik_lair_orcish_takeover, gammafunk_ghost_hive, nzn_random_ring

Skill      XL: |  1  2  3  4  5  6  7  8  9 |
---------------+----------------------------+-----
Fire Magic     | 3 4 5 6 |  6.0
Spellcasting   | 2 3 4 |  4.0
Fighting       | 5 6 8 |  8.7
Axes           | 4 |  4.2
Polearms       | 2 3 6 7 |  7.0

Action                     |  1- 3 |  4- 6 |  7- 9 || total
---------------------------+-------+-------+-------++-------
  Melee: Hand axe          |    97 |   114 |       ||   211
         Headbutt          |     5 |    15 |    13 ||    33
         Punch             |     1 |       |       ||     1
         Lance             |       |    33 |   126 ||   159
 Invoke: Foxfire Swarm     |       |     1 |       ||     1
  Evoke: Wand              |       |     3 |       ||     3
    Use: Potion            |       |     4 |     3 ||     7
         Scroll            |       |     2 |    11 ||    13
   Stab: Invisible         |       |     3 |       ||     3
         Distracted        |       |     2 |       ||     2
         Sleeping          |       |     4 |     4 ||     8
 Armour: Robe              |    67 |   165 |   123 ||   355
  Dodge: Dodged            |    43 |   113 |    62 ||   218

Table legend: (Time is in decaauts)
 A = Elapsed time spent in this place.
 B = Non-inter-level travel time spent in this place.
 C = Inter-level travel time spent in this place.
 D = Time resting spent in this place.
 E = Time spent auto-exploring this place.
 F = Levels seen in this place.
 G = Mean time per level.
                   A        B        C        D        E       F      G
               +--------+--------+--------+--------+--------+-----+--------+
         Total |   6776 |   6292 |    484 |    798 |   4260 |   8 |  847.0 |
       Dungeon |   6776 |   6292 |    484 |    798 |   4260 |   8 |  847.0 |
               +--------+--------+--------+--------+--------+-----+--------+

Top non-repeatable levels by time:
     D:4: 1306 daAuts
     D:2: 1214 daAuts
     D:3: 1154 daAuts
     D:6: 991 daAuts
     D:5: 987 daAuts
     D:1: 790 daAuts
     D:8: 259 daAuts
     D:7: 70 daAuts
